AoeStats
← konif

Golden Pit

507273835Analyzed
1v1 RM · 14d ago on Sep 17, 2026· 25m 9s· 2 players
Game mode
Random Map
Map size
Tiny (2 player)
Population
200
Speed
Normal
Resources
Standard
Victory
Conquest
Starting age
Dark Age
Ending age
Imperial Age
RankedLock teamsTeams togetherTeam positionsShared explorationLock speedFull tech treeHidden civsTurbo modeCheats
Victory
Defeat
🇫🇷 Burgundians · France
747
+14
🇸🇪 Goths · Sweden
703
-14
konif
3:10 Loom
8:08 Double-Bit Axe
9:03 Horse Collar
11:54 Wheelbarrow
13:44 Feudal Age
12:07 Gold Mining
14:55 Town Watch
17:40 Castle Age
16:26 Bow Saw
17:08 Gold Shaft Mining
17:07 Forging
17:04 Scale Barding Armor
17:23 Heavy Plow
18:12 Cavalier
18:53 Husbandry
25:03 Iron Casting
keriker
0:35 Loom
11:30 Feudal Age
12:12 Double-Bit Axe
12:09 Horse Collar
21:17 Castle Age
19:22 Stone Mining
21:18 Pikeman
Connection lost

Rejoining the realm…

Still unreachable

The connection could not be restored.

Session expired

The server has moved on; the page needs a fresh start.